 Dungeon Crawl Stone Soup version 0.32-a0-350-g4f4d228785 (webtiles) character file.

Game seed: 5374479286947346711

298158 whatisthis the Slayer (level 20, -9/203 HPs)
             Began as a Mountain Dwarf Cinder Acolyte on Feb 16, 2024.
             Was an Elder of Nemelex Xobeh.
             Mangled by a yaktaur captain (17 damage)
             ... on level 3 of the Vaults on Feb 17, 2024.
             The game lasted 02:48:33 (58675 turns).

whatisthis the Slayer (MDCA)                       Turns: 58675, Time: 02:48:34

Health: -9/203     AC: 39    Str: 25    XL:     20   Next: 12%
Magic:  32/32      EV:  9    Int: 19    God:    Nemelex Xobeh [****..]
Gold:   2926       SH: 32    Dex:  5    Spells: 21/21 levels left

rFire   + + .        b - +7 morningstar (heavy)
rCold   . . .        X - +11 tower shield of Apathy {rN+ Int+3 Slay-6}
rNeg    + . .        P - +8 swamp dragon scales "Siluxuck" {rPois rCorr}
rPois   +            a - +1 helmet "Alomuka" {rElec rF+ Will+}
rElec   +            O - +2 cloak
rCorr   +            m - +2 pair of gloves
SInv    .            o - +2 pair of boots {Fly}
Will    +++..        n - amulet of reflection Stlth
                     N - ring of protection from fire
HPRegen 0.53/turn    s - +4 ring of protection
MPRegen 0.23/turn

%: reflection
@: about to teleport, flying
A: runic magic, artefact enchanting
}: 2/15 runes: serpentine, barnacled
a: Renounce Religion, Draw Escape, Draw Destruction, Draw Summoning, Triple
Draw, Deal Four


You were on level 3 of the Vaults.
You worshipped Nemelex Xobeh.
Nemelex Xobeh was greatly pleased with you.
You visited 7 branches of the dungeon, and saw 34 of its levels.
You visited 1 bazaar.
You also visited: Ossuary.

You collected 4864 gold pieces.
You spent 1938 gold pieces at shops.

Inventory:

Hand Weapons
 b - a +7 heavy morningstar (weapon)
Missiles
 p - 5 throwing nets
 r - 53 boomerangs
 E - 15 javelins
 U - 4 silver javelins (quivered)
 Y - a curare-tipped dart
Armour
 a - the +1 helmet "Alomuka" (worn) {rElec rF+ Will+}
   (You bought it in a shop in a bazaar)

   rF+:       It protects you from fire.
   rElec:     It insulates you from electricity.
   Will+:     It increases your willpower.
 m - a +2 pair of gloves (worn)
 o - a +2 pair of boots of flying (worn)
 O - a +2 cloak (worn)
 P - the +8 swamp dragon scales "Siluxuck" (worn) {rPois rCorr}
   (You found it on level 11 of the Dungeon)

   rPois:     It protects you from poison rCorr: It protects you from acid and
   corrosion.
 X - the +11 tower shield of Apathy (worn) {rN+ Int+3 Slay-6}
   (You took it off Louise on level 14 of the Dungeon)

   Int+3:     It affects your intelligence (+3).
   Slay-6:    It affects your accuracy & damage with ranged weapons and melee
   (-6).
   rN+:       It protects you from negative energy.
Jewellery
 k - a ring of willpower
 n - an amulet of reflection (around neck)
 s - a +4 ring of protection (right hand)
 t - a ring of see invisible
 D - a ring of resist corrosion
 J - an amulet of guardian spirit
 N - a ring of protection from fire (left hand)
 R - a ring of protection from cold
 Z - a ring of willpower
Wands
 e - a wand of mindburst (45)
 i - a wand of flame (73)
 q - a wand of iceblast (2)
 B - a wand of charming (34)
 G - a wand of polymorph (22)
 M - a wand of light (2)
 T - a wand of digging (3)
Scrolls
 c - 8 scrolls of teleportation
 d - 7 scrolls of vulnerability
 f - 7 scrolls of noise
 x - a scroll of enchant armour
 y - 7 scrolls of immolation
 A - a scroll of brand weapon {unknown}
 F - a scroll of silence {unknown}
 K - 6 scrolls of poison
 L - 5 scrolls of fog
 S - 5 scrolls of revelation
 W - 2 scrolls of torment
Potions
 g - a potion of resistance {unknown}
 h - 7 potions of attraction
 j - 4 potions of mutation
 l - 7 potions of curing
 u - 2 potions of haste
 v - 4 potions of berserk rage
 w - 7 potions of might
 C - 2 potions of lignification
 H - 2 potions of ambrosia {unknown}
 I - 9 potions of brilliance
 Q - 3 potions of invisibility
Miscellaneous
 z - a lightning rod (4/4)


   Skills:
 + Level 23.1 Fighting
 - Level 22.0 Maces & Flails
 - Level 18.3 Armour
 - Level 14.8 Shields
 - Level 1.0 Spellcasting
 - Level 3.6 Fire Magic
 + Level 16.2 Invocations


You had 21 spell levels left.
You didn't know any spells.
Your spell library contained the following spells:

 Spells                   Type           Power      Damage    Failure   Level
 Scorch                   Fire           28%        2d6       16%         2
 Foxfire                  Conj/Fire      28%        2x1d5     22%         1
 Magic Dart               Conj           0%         1d3       43%         1
 Sandblast                Erth           0%         2d4       43%         1
 Slow                     Hex            0%         N/A       43%         1
 Sting                    Conj/Alch      0%         1d3       43%         1
 Summon Small Mammal      Summ           0%         N/A       43%         1
 Blink                    Tloc           0%         N/A       56%         2
 Call Imp                 Summ           0%         N/A       56%         2
 Ensorcelled Hibernation  Hex/Ice        0%         N/A       56%         2
 Mercury Vapours          Alch/Air       0%         N/A       56%         2
 Static Discharge         Conj/Air       0%         3-3/arc   56%         2
 Sublimation of Blood     Necr           0%         N/A       56%         2
 Call Canine Familiar     Summ           0%         N/A       80%         3
 Confusing Touch          Hex            0%         N/A       80%         3
 Frozen Ramparts          Ice            0%         1d1       80%         3
 Fugue of the Fallen      Necr           0%         N/A       80%         3
 Passwall                 Erth           0%         N/A       80%         3
 Sigil of Binding         Hex            0%         N/A       80%         3
 Stone Arrow              Conj/Erth      0%         3d7       80%         3
 Tukima's Dance           Hex            0%         N/A       80%         3
 Vampiric Draining        Necr           0%         2d6       80%         3
 Sticky Flame             Fire/Alch      7%         2d4       92%         4
 Summon Blazeheart Golem  Fire/Summ      7%         N/A       92%         4
 Airstrike                Air            0%         2d(0-16)  99%         4
 Anguish                  Hex/Necr       0%         N/A       99%         4
 Animate Armour           Summ/Erth      0%         N/A       99%         4
 Brom's Barrelling Bould  Conj/Erth      0%         2d3       99%         4
 Leda's Liquefaction      Alch/Erth      0%         N/A       99%         4
 Olgreb's Toxic Radiance  Alch           0%         N/A       99%         4
 Passage of Golubria      Tloc           0%         N/A       99%         4
 Petrify                  Alch/Erth      0%         N/A       99%         4
 Summon Lightning Spire   Summ/Air       0%         N/A       99%         4
 Irradiate                Conj/Alch      0%         3d11      100%        5
 Lee's Rapid Deconstruct  Erth           0%         3d4*      100%        5
 Metabolic Englaciation   Hex/Ice        0%         N/A       100%        5
 Summon Forest            Summ/Tloc      0%         N/A       100%        5
 Yara's Violent Unravell  Hex/Alch       0%         3d3       100%        5
 Eringya's Noxious Bog    Alch           0%         4d6       100%        6
 Plasma Beam              Fire/Air       3%         2x1d13    100%        6
 Starburst                Conj/Fire      3%         6d3       100%        6
 Summon Hydra             Summ           0%         N/A       100%        7
 Lehudib's Crystal Spear  Conj/Erth      0%         10d2      100%        8


Dungeon Overview and Level Annotations

Branches:
Dungeon (15/15)            Temple (1/1) D:4            Lair (5/5) D:8
 Shoals (4/4) Lair:3        Snake (4/4) Lair:3        Slime (0/5) Lair:4
    Orc (2/2) D:10            Elf (0/3) Orc:2        Vaults (3/5) D:13
 Depths (0/4) D:15        Ossuary (visited)
  Crypt: Vaults:2-3

Altars:
Ashenzari
Cheibriados
Dithmenos
Elyvilon
Fedhas
Gozag
Hepliaklqana
Kikubaaqudgha
Makhleb
Nemelex Xobeh
Okawaru
Qazlal
Ru
Sif Muna
Trog
Uskayaw
Vehumet
Wu Jian
Xom
Yredelemnul
Zin
The Shining One
Beogh
Jiyva

Shops:
D:15 *   Orc:2 ([[=   Shoals:3 :   Snake:3 [   Snake:4 =:=

Portals:
Trove: D:15 (give 6 scrolls of fear)

Annotations:
D:12 1 runed translucent door, cforsyth's ghost, journeyman DjFE
D:15 exclusion: orange crystal statue
Lair:3 1 runed translucent door, exclusion: door
Lair:4 exclusion: door
Vaults:2 1 transporter


Innate Abilities, Weirdness & Mutations

Your spellcasting is much less encumbered by armour.
You can use scrolls of enchantment on lesser artefacts.


Message History

The deep troll claws you but does no damage.
The great orb of eyes barely misses you.
The ironbound preserver hits you with a +1 vampiric morningstar!
* * * LOW HITPOINT WARNING * * *
The yaktaur captain hits you but does no damage.
The vault warden hits you with a +0 great sword.
* * * LOW HITPOINT WARNING * * *
A slime creature comes into view. x2
Unknown command.
As you read the scroll of fog, it dissolves into smoke.
The slime creature quivers. x2
You block the deep troll's attack. x2
The deep troll claws you but does no damage.
You block the deep troll's attack. x2; The deep troll claws you.
* * * LOW HITPOINT WARNING * * *
The deep troll bites you.
* * * LOW HITPOINT WARNING * * *
The deep troll claws you but does no damage.
The deep troll claws you.
* * * LOW HITPOINT WARNING * * *
The vault warden activates a sealing rune.
A door slams shut!
The great orb of eyes pulsates ominously.
The great orb of eyes bites you but does no damage.
The yaktaur captain hits you but does no damage.
The ironbound preserver hits you but does no damage.
Unknown command.
You feel better. You block the deep troll's attack. x3
The deep troll closely misses you. You block the deep troll's attack.
The deep troll closely misses you. The deep troll barely misses you.
The deep troll claws you!!
* * * LOW HITPOINT WARNING * * *
The deep troll claws you but does no damage.
The great orb of eyes gazes at you. You resist with almost no effort.
The ironbound preserver hits you with a +1 vampiric morningstar.
* * * LOW HITPOINT WARNING * * *
The yaktaur captain hits you!
You die...
Your body glows with a rainbow of weird colours and disappears.

#..#T.# #..#p.#
#..p..+
########O####
#....^...#
#........#
#.ß''''ß.########
###...T###..TGp§#
#.ß''pOß.#({TT@T#
'........#(.pcpT#
#...O.O..+(.OpTc#
##########(.....#
#(.....# ######+#
J. J.


You could see 2 ironbound preservers, a vault warden, an ironbound thunderhulk,
2 yaktaur captains, a great orb of eyes, 6 deep trolls and an ironbound convoker
(sheltered).

Vanquished Creatures
  Xtahua (Vaults:2)
  Asterion (Snake:1)
  A sphinx (Vaults:2)
  Frances (D:14)
  Donald (Vaults:2)
  Aizul (Snake:2)
  6 nagarajas
  A fenstrider witch (Shoals:3)
  Louise (D:14)
  2 vault wardens (Vaults:1)
  2 orc warlords
  A stone giant (Orc:1)
  8 ironbound thunderhulks
  10 ironbound preservers
  11 dire elephants
  A blizzard demon (Shoals:4)
  4 ettins
  2 merfolk javelineers (Shoals:4)
  3 yaktaur captains
  2 fire dragons
  6 merfolk impalers
  An entropy weaver (shapeshifter) (D:9)
  4 salamander tyrants
  2 vault guards (D:13)
  A great orb of eyes (Vaults:2)
  Erolcha (Orc:1)
  2 ogre magi
  An ice dragon (Shoals:3)
  8 hydras
  7 ironbound frosthearts
  2 catoblepae (Lair:5)
  4 merfolk avatars
  7 anacondas
  A death knight (D:14)
  2 merfolk aquamancers
  5 satyrs
  8 centaur warriors
  10 boulder beetles
  3 death yaks (Lair:5)
  5 two-headed ogres
  Urug (Lair:4)
  A deep troll earth mage (D:15)
  15 naga warriors
  2 tengu warriors
  4 orc high priests
  10 naga sharpshooters
  4 shock serpents
  A fire crab (shapeshifter) (Vaults:2)
  2 salamander mystics
  A skeletal warrior (D:11)
  2 skysharks (Shoals:2)
  29 deep trolls
  A swamp dragon (Lair:5)
  4 arcanists
  7 mana vipers
  11 sea snakes
  6 naga ritualists
  4 ironbound convokers
  9 lindwurms
  A phantasmal warrior (Vaults:2)
  8 orc knights
  A necromancer (Vaults:1)
  3 deep elf pyromancers
  34 ugly things
  A tengu zombie (Vaults:1)
  32 harpies
  3 orc sorcerers
  A salamander (shapeshifter) (D:14)
  22 fauns
  20 cyclopes
  14 manticores
  2 oklob plants
  8 merfolk sirens
  26 salamanders
  32 elephants
  8 guardian serpents
  28 black mambas
  7 vault sentinels
  6 kobold blastminers (Orc:2)
  15 naga magi
  3 water nymphs
  16 cane toads
  4 torpor snails
  A kobold demonologist (D:13)
  2 efreet
  A freezing wraith (D:9)
  12 rime drakes
  2 yaktaurs (Vaults:1)
  9 komodo dragons
  A tengu conjurer (D:15)
  12 trolls
  37 merfolk
  A polar bear (shapeshifter) (D:15)
  5 polar bears
  An ettin zombie (Vaults:1)
  3 hornets
  17 blink frogs
  5 snapping turtles
  29 dream sheep
  5 wind drakes
  4 meliai zombies (D:11)
  25 slime creatures
  3 shadows
  4 water elementals
  8 wraiths
  2 humans
  4 vampires (D:11)
  4 wyverns
  9 basilisks
  59 yaks
  19 fire elementals
  5 steam dragons
  3 wargs
  42 nagas
  Menkaure (D:5)
  4 vampire mosquitoes
  Edmund (D:6)
  7 acid dragons
  14 water moccasins
  2 ice beasts (D:6)
  36 orc warriors
  2 swamp drakes (Lair:5)
  10 black bears
  4 laughing skulls
  17 ogres
  27 wolves
  6 phantoms
  11 centaurs
  7 kobold brigands
  2 elf zombies (Ossuary)
  9 bullfrogs
  2 scorpions
  12 wights
  15 killer bees
  6 howler monkeys
  6 centaur zombies
  6 human zombies
  A gnoll bouda (D:8)
  A human simulacrum (Vaults:1)
  A jelly (D:7)
  19 orc priests
  2 hounds
  4 iguanas
  Ijyb (D:5)
  Terence (D:2)
  21 orc wizards
  7 hell rats
  2 crocodile zombies (Ossuary)
  4 spectral hounds (Ossuary)
  A scorpion simulacrum (Ossuary)
  3 mummies (Ossuary)
  9 gnolls
  8 adders
  3 hound simulacra (Ossuary)
  A white imp (D:7)
  2 ufetubi (D:6)
  2 spectral gnolls (Ossuary)
  3 adder simulacra (Ossuary)
  5 dart slugs
  109 orcs
  5 bats
  7 endoplasms
  3 giant cockroaches
  9 hobgoblins
  3 jackals (D:1)
  A quokka (D:3)
  7 ball pythons
  5 frilled lizards
  2 gnoll simulacra (Ossuary)
  7 gnoll zombies (Ossuary)
  9 goblins
  A jackal simulacrum (Ossuary)
  40 kobolds
  6 kobold zombies (Ossuary)
  3 orc zombies (Ossuary)
  5 rats
  3 spectral jackals (Ossuary)
1416 creatures vanquished.

Vanquished Creatures (collateral kills)
  A vault warden (Vaults:1)
  An orc warlord (Vaults:1)
  A harpy (Vaults:1)
  2 orc knights (Vaults:1)
  A black mamba (Lair:1)
  2 slime creatures (Vaults:1)
8 creatures vanquished.

Vanquished Creatures (others)
  2 nagarajas (Snake:4)
  A deep elf pyromancer (D:13)
  A manticore (Shoals:3)
  A naga mage (Snake:2)
  A naga (Snake:4)
  A human (D:5)
  An ogre (D:7)
  An orc wizard (Orc:1)
  33 foxfires
  15 tentacles (Shoals:3)
57 creatures vanquished.

Grand Total: 1481 creatures vanquished

Notes
Turn   | Place    | Note
-------+----------+-------------------------------------------
     0 | D:1      | whatisthis the Mountain Dwarf Cinder Acolyte began the
                  | quest for the Orb.
     0 | D:1      | Reached XP level 1. HP: 19/19 MP: 2/2
    95 | D:1      | Reached XP level 2. HP: 26/26 MP: 3/3
   450 | D:1      | Reached skill level 4 in Fighting
   460 | D:1      | Reached XP level 3. HP: 31/33 MP: 4/4
   561 | D:1      | Found a faded altar of an unknown god.
  1388 | D:2      | Noticed Terence
  1684 | D:2      | Reached skill level 5 in Maces & Flails
  1684 | D:2      | Reached XP level 4. HP: 32/41 MP: 5/5
  1910 | D:2      | Reached skill level 1 in Armour
  2083 | D:2      | Reached XP level 5. HP: 41/47 MP: 6/6
  2181 | D:2      | Killed Terence
  2182 | D:2      | Reached skill level 5 in Fighting
  2961 | D:4      | Found a sand-covered staircase.
  3004 | Ossuary  | Entered an ossuary
  3067 | Ossuary  | Reached XP level 6. HP: 56/56 MP: 7/7
  3417 | Ossuary  | Reached skill level 6 in Fighting
  3417 | Ossuary  | Reached XP level 7. HP: 48/63 MP: 8/8
  4011 | D:4      | Found a staircase to the Ecumenical Temple.
  4235 | D:5      | Entered Level 5 of the Dungeon
  4521 | D:5      | Reached skill level 7 in Fighting
  4521 | D:5      | Reached skill level 5 in Armour
  4521 | D:5      | Reached XP level 8. HP: 73/73 MP: 9/9
  4558 | D:5      | Noticed Ijyb
  4581 | D:5      | Killed Ijyb
  4640 | D:5      | Noticed Menkaure
  4736 | D:5      | Killed Menkaure
  4971 | D:5      | Found an ancient bone altar of Kikubaaqudgha.
  5653 | D:6      | Reached skill level 8 in Fighting
  5850 | D:6      | Noticed Edmund
  6555 | D:6      | Found a blossoming altar of Fedhas.
  6566 | D:6      | Noticed a hornet
  6569 | D:6      | Paralysed by a hornet for 2 turns
  6572 | D:6      | Killed a hornet
  6573 | D:6      | Reached XP level 9. HP: 30/82 MP: 10/10
  7778 | D:7      | Reached skill level 9 in Fighting
  8273 | D:7      | Reached skill level 10 in Maces & Flails
  8680 | D:7      | Found a shadowy altar of Dithmenos.
  8680 | D:7      | Found an ornate altar of the Wu Jian Council.
  8680 | D:7      | Found an iron altar of Okawaru.
  8731 | D:8      | Noticed a two-headed ogre
  9341 | D:8      | Reached skill level 10 in Fighting
  9341 | D:8      | Reached XP level 10. HP: 86/93 MP: 11/11
  9380 | D:8      | Found a staircase to the Lair.
  9853 | D:9      | Found a radiant altar of Vehumet.
  9861 | D:9      | You fall into a shaft and drop 2 floors!
  9880 | D:11     | Noticed a cyclops
  9900 | D:10     | Entered Level 10 of the Dungeon
 10147 | D:9      | Identified the +1 leather armour of the Peculiar Knives
                  | {Str+3}
 10295 | D:9      | Noticed a tengu warrior
 10298 | D:9      | Noticed a white ugly thing
 10298 | D:9      | Noticed a boulder beetle
 10299 | D:9      | Noticed a centaur warrior
 10299 | D:9      | Noticed a five-headed hydra
 10299 | D:9      | Noticed a centaur warrior
 10560 | D:9      | Reached skill level 11 in Fighting
 10879 | D:9      | Noticed a two-headed ogre
 10924 | D:9      | Killed a two-headed ogre
 10925 | D:9      | Reached skill level 10 in Armour
 11156 | D:9      | Noticed a purple ugly thing
 11182 | D:9      | Killed a purple ugly thing
 11183 | D:9      | Reached XP level 11. HP: 89/102 MP: 12/12
 12005 | D:10     | Noticed a purple ugly thing
 12006 | D:10     | Noticed a cyan ugly thing
 12006 | D:10     | Noticed a cyan ugly thing
 12071 | Lair:1   | Entered Level 1 of the Lair of Beasts
 12990 | D:8      | Reached skill level 12 in Fighting
 13818 | Lair:1   | Reached skill level 1 in Shields
 14969 | D:8      | Reached skill level 13 in Fighting
 15561 | Lair:1   | Reached XP level 12. HP: 94/115 MP: 13/13
 16727 | Lair:2   | Noticed a boulder beetle
 16747 | Lair:2   | Killed a boulder beetle
 17201 | Lair:2   | Identified the +7 flail of Fiagh {drain, Dex+3}
 17576 | Lair:2   | Reached skill level 14 in Fighting
 17576 | Lair:2   | Reached skill level 15 in Maces & Flails
 18296 | Lair:3   | Found a staircase to the Snake Pit.
 18812 | Lair:3   | Reached XP level 13. HP: 111/125 MP: 14/14
 19246 | Lair:3   | Identified the +5 ring mail of Conlatok {rPois rF+ Str+3}
 19276 | Lair:3   | Found a staircase to the Shoals.
 19355 | Lair:3   | Reached skill level 15 in Fighting
 19629 | Lair:3   | Found a runed translucent door.
 20037 | Lair:4   | Identified a scroll of acquirement
 20038 | Lair:4   | Acquired a ring of protection from cold
 20128 | Lair:4   | Noticed Urug
 20143 | Lair:4   | Killed Urug
 20883 | Lair:4   | Found a viscous altar of Jiyva.
 20884 | Lair:4   | Found a staircase to the Slime Pits.
 21013 | Lair:4   | Found the +4 skin of Zhor {*Englaciate rC+++ SInv}
 21392 | Lair:5   | Entered Level 5 of the Lair of Beasts
 22390 | Lair:5   | Reached skill level 16 in Fighting
 22681 | Lair:5   | Reached XP level 14. HP: 112/137 MP: 15/15
 23693 | Lair:5   | Reached skill level 15 in Armour
 24800 | Lair:5   | Identified the +6 mace of the Moon {drain, ^Contam rC++
                  | Dex+5}
 25576 | D:10     | Found a staircase to the Orcish Mines.
 25660 | D:10     | Reached skill level 17 in Fighting
 25796 | D:10     | Found a sacrificial altar of Ru.
 25810 | D:10     | Found a hide-covered altar of Uskayaw.
 26049 | D:10     | Identified the +1 leather armour "Xofon" {Will+ Dex+5
                  | Slay+2}
 26617 | D:11     | Acquired a +1 heavy morningstar
 27093 | D:11     | Reached XP level 15. HP: 117/145 MP: 16/16
 27803 | D:11     | Identified the staff of the Skies Above {Str+3 Dex+2 Earth}
 27814 | D:11     | Identified the +0 scale mail "Kiollaq" {rN+ Int+2}
 27815 | D:11     | Identified the +8 swamp dragon scales "Siluxuck" {rPois
                  | rCorr}
 28540 | D:12     | Found a runed translucent door.
 28540 | D:12     | Noticed cforsyth's ghost (journeyman DjFE)
 28576 | D:13     | Noticed Sonja
 28580 | D:13     | Reached skill level 5 in Shields
 28584 | D:13     | Sonja changed into Sonja the basilisk
 28584 | D:13     | Noticed Sonja
 28587 | D:13     | Killed Sonja the basilisk
 29116 | D:13     | Reached skill level 18 in Fighting
 29401 | D:13     | Found a gate to the Vaults.
 29609 | D:14     | Acquired 370 gold pieces
 29823 | D:14     | Identified the +0 robe "Obledaot" {rC+}
 30148 | D:14     | Noticed Frances
 30156 | D:14     | Killed Frances
 30542 | D:14     | Identified the +11 tower shield of Apathy {rN+ Int+3
                  | Slay-6}
 30542 | D:14     | Noticed Louise
 30581 | D:15     | Entered Level 15 of the Dungeon
 30720 | D:15     | Found a portal to a secret trove of treasure.
 31121 | D:15     | Found Nuiqo's Assorted Antiques.
 31711 | D:15     | Identified the +1 glaive "Dal Vavva" {flame, Int+4}
 31735 | D:15     | Reached skill level 19 in Fighting
 32285 | D:15     | Found a staircase to the Depths.
 33025 | D:9      | Reached skill level 10 in Shields
 33025 | D:9      | Reached XP level 16. HP: 81/160 MP: 17/17
 33226 | D:9      | Identified the orb of Ogoluw {guile, rN++ Str+2 Dex+2 SInv}
 33612 | D:14     | Killed Louise
 33672 | D:14     | Upgraded the game from 0.32-a0-329-ge6c31236d6 to
                  | 0.32-a0-350-g4f4d228785
 33800 | Orc:1    | Entered Level 1 of the Orcish Mines
 33909 | Orc:1    | Noticed Erolcha
 33930 | Orc:1    | Killed Erolcha
 35173 | Orc:1    | Found a roughly hewn altar of Beogh.
 35340 | Orc:1    | You are sucked into a shaft and drop 1 floor!
 35340 | Orc:2    | Entered Level 2 of the Orcish Mines
 35865 | Orc:1    | Identified the +0 pair of gloves of the Kangaroo {rPois
                  | Stlth+}
 35879 | Orc:1    | Found the +8 mithril axe "Arga" {speed, Will+}
 35888 | Orc:1    | Identified the +6 battleaxe of Past Mistakes {flame, Str+3
                  | Dex+3}
 35889 | Orc:1    | Identified the +6 war axe of Dung {protect, rPois}
 35891 | Orc:1    | Identified the +4 longbow of Conflict {drain, Fly rElec
                  | Will+}
 36027 | Orc:2    | Found a staircase to the Elven Halls.
 36194 | Orc:2    | Found a roughly hewn altar of Beogh.
 36195 | Orc:2    | Found Ruigu's Jewellery Emporium.
 36459 | Orc:2    | Found a roughly hewn altar of Beogh.
 36652 | Orc:2    | Found a roughly hewn altar of Beogh.
 36689 | Orc:2    | Found a roughly hewn altar of Beogh.
 36781 | Orc:2    | Found Fipsului's Armour Boutique.
 37083 | Orc:2    | Found Rudaplupp's Antique Weapon Emporium.
 37083 | Orc:2    | Found a roughly hewn altar of Beogh.
 37087 | Orc:2    | Found Moejygra's Antique Armour Shoppe.
 37138 | Orc:2    | Found a roughly hewn altar of Beogh.
 37459 | D:15     | Bought a scroll of revelation for 232 gold pieces
 37459 | D:15     | Bought an ancient chain mail for 294 gold pieces
 37459 | D:15     | Identified the +4 chain mail "Turotiph" {rPois rC+ Str-5
                  | Int+6} (You bought it in a shop on level 15 of the Dungeon)
 37653 | Snake:1  | Entered Level 1 of the Snake Pit
 37789 | Snake:1  | You are sucked into a shaft and drop 1 floor!
 38630 | Snake:2  | Noticed Asterion
 38936 | Snake:2  | Identified the serpent talisman "Niggoqurgh" {Fly rN+
                  | Dex-4}
 38936 | Snake:2  | Noticed Aizul
 38958 | Snake:2  | Killed Aizul
 39588 | Snake:1  | Reached XP level 17. HP: 42/168 MP: 18/18
 39589 | Snake:1  | Killed Asterion
 40445 | Snake:3  | HP: 8/168 [naga warrior/+0 long sword (11)]
 40454 | Snake:3  | Found Okaza's Antique Armour Shoppe.
 41192 | D:6      | Killed Edmund
 41386 | Temple   | Entered the Ecumenical Temple
 41394 | Temple   | Fell from the grace of Ignis
 41394 | Temple   | Became a worshipper of Nemelex Xobeh the Trickster
 42968 | Snake:4  | Entered Level 4 of the Snake Pit
 43457 | Orc:2    | Bought a ring of protection from fire for 450 gold pieces
 44712 | Snake:4  | Found Pezey's Jewellery Shoppe.
 44712 | Snake:4  | Found Amey's Book Boutique.
 44713 | Snake:4  | Found Erufoto's Jewellery Shoppe.
 44723 | Snake:4  | Identified the +5 war axe of Pasiloje {freeze, rPois rF+
                  | rC++ Stlth+}
 45793 | Snake:3  | HP: 8/168 [constriction (6)]
 47010 | Snake:4  | Was forgiven by Ignis
 47175 | Snake:4  | Found an iron altar of Okawaru.
 47188 | Snake:4  | Got a serpentine rune of Zot
 47621 | Shoals:1 | Entered Level 1 of the Shoals
 47624 | Shoals:1 | Reached XP level 18. HP: 171/176 MP: 19/19
 48201 | Shoals:1 | Reached skill level 20 in Fighting
 48238 | Shoals:1 | Reached * piety under Nemelex Xobeh
 48631 | Shoals:2 | Received a gift from Nemelex Xobeh
 48946 | Shoals:2 | Reached skill level 1 in Invocations
 49285 | Shoals:2 | Got Sif Muna's Folio of Changing Tephra
 49869 | Shoals:3 | Received a gift from Nemelex Xobeh
 49914 | Shoals:2 | Reached skill level 21 in Fighting
 50101 | Shoals:3 | Reached skill level 5 in Invocations
 50166 | Shoals:3 | Found Xautosm's Book Emporium.
 50175 | Shoals:3 | Found a glacial archway.
 50839 | Shoals:4 | Entered Level 4 of the Shoals
 50839 | Shoals:4 | Reached ** piety under Nemelex Xobeh
 51748 | Shoals:4 | Noticed Mlioglotl
 51749 | Shoals:4 | Mlioglotl changed into Mlioglotl the blizzard demon
 51749 | Shoals:4 | Noticed Mlioglotl
 51754 | Shoals:4 | Killed Mlioglotl the blizzard demon
 52404 | Shoals:4 | Got a barnacled rune of Zot
 52480 | Shoals:4 | Reached XP level 19. HP: 191/191 MP: 25/25
 52884 | Snake:3  | Bought a spiked plate armour for 560 gold pieces
 52884 | Snake:3  | Identified the +0 plate armour "Biciuf" {rF+ MP+9 Int-2}
                  | (You bought it in a shop on level 3 of the Snake Pit)
 53132 | Vaults:1 | Entered Level 1 of the Vaults
 53190 | Vaults:1 | Reached skill level 10 in Invocations
 53199 | Vaults:1 | Found a flickering gateway to a bazaar.
 53218 | Bazaar   | Entered a bazaar
 53236 | Bazaar   | Found Toih's Antique Armour Emporium.
 53254 | Bazaar   | Found Falocai's Antique Armour Shoppe.
 53258 | Bazaar   | Bought a steaming helmet for 152 gold pieces
 53258 | Bazaar   | Identified the +1 helmet "Alomuka" {rElec rF+ Will+} (You
                  | bought it in a shop in a bazaar)
 53269 | Bazaar   | Found Ehyhur's Antique Weapon Emporium.
 53269 | Bazaar   | Found Hudueraach's Weapon Shoppe.
 53291 | Bazaar   | Found Fagreofu's Jewellery Emporium.
 53327 | Bazaar   | Bought a ring of willpower for 250 gold pieces
 53849 | Vaults:1 | Reached *** piety under Nemelex Xobeh
 54434 | Vaults:1 | Reached skill level 22 in Fighting
 55927 | Vaults:2 | Found a transporter.
 55947 | Vaults:2 | Found a transporter.
 56040 | Vaults:2 | Received a gift from Nemelex Xobeh
 56057 | Vaults:2 | Reached **** piety under Nemelex Xobeh
 56143 | Vaults:2 | Noticed Xtahua
 56473 | Vaults:2 | Noticed Donald
 56485 | Vaults:2 | Killed Donald
 56536 | Vaults:2 | Reached skill level 15 in Invocations
 57165 | Vaults:2 | Received a gift from Nemelex Xobeh
 57599 | Vaults:2 | Killed Xtahua
 57987 | Vaults:2 | Reached XP level 20. HP: 202/202 MP: 31/31
 57992 | Vaults:2 | Reached skill level 23 in Fighting
 58675 | Vaults:3 | HP: 8/203 [ironbound preserver/+1 vampiric morningstar[a
                  | vault warden] (6)]
 58675 | Vaults:3 | Mangled by a yaktaur captain

Illustrated notes

Levels and vault maps discovered:
D:1:      minmay_arrival_wavy_path, layout_basic,
          dreamdust_ecumenical_altar_hidden_monk_grotto
D:2:      layout_basic, serial_bayou_pond_b, uniq_terence
D:3:      layout_basic
D:4:      layout_basic, minmay_temple_entry_drinking_statues,
          nicolae_ossuary_entry_false_entrances
D:5:      layout_basic, tgw_kikubaaqudgha, grunt_tough_drop, uniq_menkaure,
          uniq_ijyb
D:6:      layout_basic, fedhas_altar_3, roderic_serpentine_path,
          kennysheep_generic_room_15, uniq_edmund
D:7:      layout_rooms, gammafunk_temple_overflow_claw
D:8:      layout_basic, erik_lair_orcish_takeover, minmay_misc_feat_enclosed,
          dreamdust_gnoll_shepherd
D:9:      layout_irregular_city, kennysheep_little_box, minivault_12
D:10:     cheibrodos_breeding_chamber, layout_rooms, jmf_multi_god_temple2,
          david_orc_4, enter_bailey_7, minmay_crystal_room
D:11:     bobbens_index_wilting_gardens, layout_cave_pools
D:12:     layout_rooms, ebering_ghost_inner_flame
D:13:     layout_gridville, hellmonk_vaults_keyhole, uniq_sonja
D:14:     layout_basic, uniq_frances, uniq_louise
D:15:     hellmonk_depths_entry_around_the_bend, layout_loops_ring,
          trove_entry_hex_spiral, serial_bayou, serial_bayou_pond_a,
          serial_bayou_shore_b, serial_bayou_pond_d, serial_bayou_pond_a,
          serial_shops, shop, minmay_more_statues
Temple:   dpeg_chambers_temple
Lair:1:   beast_lair_carwin_large_1, layout_regular_city
Lair:2:   layout_cave_pods, beast_lair_carwin_5
Lair:3:   layout_roguey, minmay_shoals_entry_centaurs,
          minmay_snake_entry_six_corridors, pdpol_lair_cabin_in_the_woods
Lair:4:   layout_cave_pods, slime_entry_1, hellmonk_guarded_unrand_zhor,
          infiniplex_staircase_pool_2, uniq_urug
Lair:5:   hangedman_lair_in_review, layout_regular_city,
          guppyfry_lair_end_dragon, serial_bayou_shore_a, grunt_megastairs_5,
          serial_bayou_shore_b
Shoals:1: layout_shoals, nzn_prometheus_bound
Shoals:2: layout_shoals
Shoals:3: layout_shoals, serial_shops, shop, portal_ice_cave_entry_dragon,
          nicolae_shoals_beach_house_on_fowls_legs
Shoals:4: shoals_end_grunt_garden, layout_shoals, uniq_mlioglotl
Snake:1:  layout_cave_pods
Snake:2:  layout_misc_corridors, uniq_asterion, uniq_aizul
Snake:3:  layout_layer_cave, minmay_shop_star, nicolae_triple_integral
Snake:4:  grunt_snake_rune_serpentine_throne, layout_onion_interference,
          grunt_ministairs_6, nicolae_snake_linked_coils, minmay_shop_grove
Orc:1:    giant_chief_lemuel, layout_caves, minmay_orc_temple_c, uniq_erolcha
Orc:2:    grunt_orc_community_town_hall, layout_caves,
          grunt_orc_community_big_house_2, grunt_orc_community_big_house_1,
          grunt_orc_community_house_2, grunt_orc_community_house_1,
          grunt_orc_community_house_2, grunt_orc_community_house_3,
          grunt_orc_community_house_2
Vaults:1: nicolae_vaults_layer_cake_slice, vaults_room_fancy_cross, v_misc_30,
          v_pattern_3, nicolae_vaults_heart-shaped_vault,
          nicolae_vaults_stairing_the_circle, nicolae_vaults_swerve,
          ontoclasm_vaults_fire_temple, nicolae_vaults_inception_statues,
          nicolae_vaults_tetromino_Z_2, ontoclasm_vaults_spin,
          vaults_room_door_hall, nicolae_vaults_tetromino_L_1,
          layout_vaults_maze, serial_shops, bzr_in_the_mist
Vaults:2: v_misc_27, v_alt_pattern_3, nicolae_vaults_circle_grid_b,
          nicolae_vaults_oval_intersection, gammafunk_the_bubble
          [the_bubble_gammafunk_split], nicolae_vaults_little_squares_5,
          grunt_vaults_bifocal, nicolae_vaults_layer_cake_slice,
          ontoclasm_vaults_loading_screen, nicolae_vaults_six-pack,
          layout_vaults_omnigrid, uniq_donald, uniq_xtahua
Vaults:3: infiniplex_enter_wizlab_water, minmay_crypt_entry_necro_gods,
          v_misc_28, ontoclasm_vaults_hangar, nicolae_vaults_network_quinsquares
          [nicolae_vaults_network_quincunx_subvault,
          nicolae_vaults_network_quincunx_subvault,
          nicolae_vaults_network_quincunx_subvault,
          nicolae_vaults_network_quincunx_subvault], v_pattern_5,
          ontoclasm_vaults_gateway, v_misc_9, v_misc_27,
          nicolae_vaults_triangles, hangedman_vaults_impose,
          nicolae_vaults_circle_grid_a, layout_vaults_omnibox

Skill      XL: |  1  2  3  4  5  6  7  8  9 10 11 12 13 14 15 16 17 18 19 20 |
---------------+-------------------------------------------------------------+-----
Maces & Flails | 4 5 6 7 9 10 12 14 15 17 18 20 22 | 22.0
Fighting       | 4 5 6 7 8 10 11 13 14 16 17 19 21 22 23 | 23.1
Armour         | 1 2 3 5 6 8 10 11 13 14 15 16 18 | 18.3
Shields        | 3 4 10 12 14 | 14.8
Invocations    | 9 15 16 | 16.2
Spellcasting   | |  1.0
Fire Magic     | |  3.6

Action                     |  1- 3 |  4- 6 |  7- 9 | 10-12 | 13-15 | 16-18 | 19-21 || total
---------------------------+-------+-------+-------+-------+-------+-------+-------++-------
  Melee: Mace              |   101 |    35 |    14 |       |       |       |       ||   150
         Flail             |       |   213 |   593 |   949 |   888 |       |       ||  2643
         Dagger            |       |       |       |   156 |       |       |       ||   156
         Morningstar       |       |       |       |       |   542 |  1948 |   579 ||  3069
  Throw: Boomerang         |       |       |    17 |       |       |       |       ||    17
         Dart              |       |       |    29 |   108 |    66 |     3 |     1 ||   207
         Javelin           |       |       |       |     6 |     8 |    15 |     9 ||    38
 Invoke: Fiery Armour      |       |     3 |     3 |     2 |       |       |       ||     8
         Foxfire Swarm     |       |     1 |     2 |       |       |       |       ||     3
         Rising Flame      |       |       |       |     1 |       |       |       ||     1
         Draw Destruction  |       |       |       |       |       |     3 |    18 ||    21
         Draw Summoning    |       |       |       |       |       |       |     7 ||     7
         Draw Escape       |       |       |       |       |       |       |     1 ||     1
  Evoke: Wand              |       |       |     5 |    15 |    13 |    11 |       ||    44
    Use: Scroll            |       |       |     8 |     8 |    13 |    28 |     9 ||    66
         Potion            |       |       |     1 |     2 |       |    23 |     3 ||    29
   Stab: Invisible         |       |       |       |       |       |     1 |       ||     1
         Held in net/web   |       |       |       |       |       |     1 |       ||     1
 Armour: Robe              |    58 |       |       |       |       |       |       ||    58
         Scale mail        |     3 |   194 |   179 |       |       |       |       ||   376
         Chain mail        |       |       |   151 |       |       |       |       ||   151
         Plate armour      |       |       |   173 |  1297 |   392 |       |       ||  1862
         Ring mail         |       |       |       |       |   586 |       |       ||   586
         Swamp dragon scal |       |       |       |       |   396 |  1124 |   550 ||  2070
  Dodge: Dodged            |    49 |   136 |   213 |   322 |   446 |   403 |   161 ||  1730
  Block: Buckler           |       |       |    57 |    44 |       |       |       ||   101
         Kite shield       |       |       |       |   254 |   838 |    22 |       ||  1114
         Reflection        |       |       |       |       |    27 |   363 |    26 ||   416
         Tower shield      |       |       |       |       |       |  4148 |  1353 ||  5501

Table legend: (Time is in decaauts)
 A = Elapsed time spent in this place.
 B = Non-inter-level travel time spent in this place.
 C = Inter-level travel time spent in this place.
 D = Time resting spent in this place.
 E = Time spent auto-exploring this place.
 F = Levels seen in this place.
 G = Mean time per level.
                   A        B        C        D        E       F      G
               +--------+--------+--------+--------+--------+-----+--------+
         Total |  59199 |  54654 |   4545 |  18007 |  16168 |  36 | 1644.4 |
       Dungeon |  23016 |  20660 |   2356 |   6784 |   6173 |  15 | 1534.4 |
        Temple |     16 |     16 |      0 |      0 |      0 |   1 |   16.0 |
          Lair |  11688 |  10867 |    821 |   3724 |   2686 |   5 | 2337.6 |
        Shoals |   5277 |   5156 |    121 |   1295 |   1856 |   4 | 1319.2 |
     Snake Pit |   9227 |   8391 |    836 |   3719 |   2229 |   4 | 2306.8 |
  Orcish Mines |   3687 |   3414 |    273 |    448 |   1606 |   2 | 1843.5 |
        Vaults |   5534 |   5399 |    135 |   1854 |   1618 |   3 | 1844.7 |
        Bazaar |    125 |    125 |      0 |      0 |      0 |   1 |  125.0 |
       Ossuary |    624 |    624 |      0 |    182 |      0 |   1 |  624.0 |
               +--------+--------+--------+--------+--------+-----+--------+

Top non-repeatable levels by time:
 Snake:3: 3507 daAuts
  Lair:5: 2863 daAuts
  Lair:1: 2762 daAuts
Vaults:1: 2740 daAuts
     D:8: 2692 daAuts
 Snake:4: 2615 daAuts
  Lair:4: 2571 daAuts
Vaults:2: 2493 daAuts
     D:6: 2470 daAuts
     D:9: 2309 daAuts
   Orc:1: 2142 daAuts
    D:10: 2006 daAuts
 Snake:1: 1988 daAuts
    D:14: 1975 daAuts
    D:11: 1871 daAuts
